 Dungeon Crawl Stone Soup version 0.29.1-13-g9f3cf754e1 (webtiles) character file.

Game seed: 11720725272375710399

431 destino the Trooper (level 6, -2/67 HPs)
             Began as an Ogre Fighter on Feb 1, 2023.
             Was an Elder of Ignis.
             Slain by an ogre
             ... wielding a +0 giant club
              (22 damage)
             ... on level 4 of the Dungeon.
             The game lasted 00:08:32 (5027 turns).

destino the Trooper (Ogre Fighter)                  Turns: 5027, Time: 00:08:32

Health: -2/67      AC:  4    Str: 23    XL:     6   Next: 99%
Magic:  6/6        EV:  8    Int:  9    God:    Ignis [****..]
Gold:   106        SH:  7    Dex:  8    Spells: 5/5 levels left

rFire   + + .      SeeInvis .   E - +3 hand axe
rCold   . . .      Faith    .   c - +0 kite shield
rNeg    + . .      Spirit   .   y - +1 robe {rF+}
rPois   +          Reflect  .   (helmet restricted)
rElec   .          Harm     .   (no cloak)
rCorr   .          Rampage  .   (gloves unavailable)
Will    .....                   (boots unavailable)
Stlth   +.........              (no amulet)
HPRegen 0.21/turn               x - ring of positive energy
MPRegen 0.10/turn               s - ring of poison resistance

@: no status effects
A: large, unfitting armour, tough skin 1
a: Renounce Religion, Fiery Armour, Foxfire Swarm, Rising Flame


You were on level 4 of the Dungeon.
You worshipped Ignis.
Ignis was greatly pleased with you.
You visited 1 branch of the dungeon, and saw 4 of its levels.

You collected 217 gold pieces.
You spent 111 gold pieces at shops.

Inventory:

Hand Weapons
 a - a +0 war axe
 E - a +3 hand axe (weapon)
Armour
 b - a +0 robe
 c - a +0 kite shield (worn)
 y - a +1 robe of fire resistance (worn)
Jewellery
 q - a ring of flight
 s - a ring of poison resistance (right hand)
 x - a ring of positive energy (left hand)
 z - a ring of protection from fire
 B - a ring of protection from cold
Scrolls
 f - a scroll of vulnerability {unknown}
 i - a scroll of teleportation {unknown}
 n - 2 scrolls of blinking {unknown}
 o - a scroll of fear {unknown}
 p - 2 scrolls of enchant armour {unknown}
 u - a scroll of noise {unknown}
 v - a scroll of summoning {unknown}
 w - a scroll of immolation {unknown}
 A - a scroll of torment {unknown}
 C - 3 scrolls of magic mapping {unknown}
Potions
 d - a potion of might
 e - 3 potions of lignification
 g - 5 potions of curing {unknown}
 h - 2 potions of heal wounds {unknown}
 j - a potion of brilliance {unknown}
 k - a potion of invisibility {unknown}
 l - 3 potions of haste {unknown}
 m - a potion of degeneration {unknown}
 r - a potion of ambrosia
 t - a potion of cancellation
 D - a potion of attraction


   Skills:
 + Level 6.2 Fighting
 * Level 5.4 Axes
 - Level 3.0 Dodging
 - Level 4.0 Shields


You had 5 spell levels left.
You didn't know any spells.
Your spell library contained the following spells:

 Spells                   Type           Power      Damage    Failure   Level
 Apportation              Tloc           0%         N/A       67%         1
 Summon Small Mammal      Summ           0%         N/A       67%         1
 Call Canine Familiar     Summ           0%         N/A       95%         3
 Lesser Beckoning         Tloc           0%         N/A       95%         3
 Summon Guardian Golem    Hex/Summ       0%         N/A       95%         3


Dungeon Overview and Level Annotations

Branches:
Dungeon (4/15)
 Temple: D:4-7

Altars:
Ashenzari
Gozag
Yredelemnul
The Shining One
Ignis

Shops:
D:1 *

Annotations:
D:4 1 runed translucent door, pichik's ghost, amateur TeAE


Innate Abilities, Weirdness & Mutations

You are too large for most types of armour.
You have tough skin. (AC +1)


Message History

g - 5 lumpy puce potions (gained 1)
Found a stone staircase leading down.
There is a stone staircase leading down here.
Pichik's ghost turns its malevolent gaze towards you.
Pichik's ghost whispers, "Death is liberation."
Pichik's ghost is surrounded by a shower of sparks.
You see here 8 stones.
You see here a +0 club.
There is a stone staircase leading down here.
You see here a +0 whip.
You open the door.
There is an open door here.
An orc comes into view. It is wielding a +0 hand axe.
The orc shouts!
You hear a shout!
An ogre comes into view. It is wielding a +0 giant club.
The ogre shouts!
The orc hits you with a +0 hand axe.
You slash the orc!
You kill the orc!
You see here a +0 hand axe.
You slash the ogre!
The ogre is moderately wounded.
The ogre hits you with a +0 giant club!!
You hit the ogre.
The ogre is heavily wounded.
The ogre hits you with a +0 giant club!
You are too injured to fight recklessly!
You are too injured to fight recklessly!
You are too injured to fight recklessly!
You hit the ogre.
The ogre is severely wounded.
You hit the ogre.
The ogre is severely wounded.
The ogre hits you with a +0 giant club!
* * * LOW HITPOINT WARNING * * *
Activating: Foxfire Swarm
Press: ? - help, Dir - look around, f - activate Flames leap up around you!
The ogre hits you with a +0 giant club!!
You die...

#....##......##..#.....# #.
#.##..##......##.#####.# #)
###....##......### #.#####.
#...##..##......## #.......
#.###...###......# ########
###.).###......#'#
#...###......###.#
#)###.)....###v..# #
#'#......###@vv.##
#####......###vOvv#..#
##.......###..v##v##.#
##.##..###...#. #.. .# ##.#####
##### ##############
##.########.# #....<.....#
............# #...######.####
#########################........
..........................##.####


You could see an ogre (ally target).

Vanquished Creatures
  A phantom (D:4)
  A bullfrog (D:4)
  A hound (D:4)
  2 orc wizards
  14 adders
  2 worms
  A dart slug (D:3)
  6 orcs
  14 ball pythons
  A bat (D:2)
  7 endoplasms
  3 giant cockroaches
  9 goblins
  8 hobgoblins
  4 jackals (D:4)
  3 frilled lizards (D:1)
  8 kobolds
  2 rats (D:1)
87 creatures vanquished.

Notes
Turn   | Place    | Note
-------+----------+-------------------------------------------
     0 | D:1      | destino the Ogre Fighter began the quest for the Orb.
     0 | D:1      | Reached XP level 1. HP: 24/24 MP: 1/1
   104 | D:1      | Found a faded altar of an unknown god.
   136 | D:1      | Prayed at the altar of an unknown god.
   136 | D:1      | Became a worshipper of Ignis, the Dying Flame
   420 | D:1      | Reached XP level 2. HP: 32/32 MP: 2/2
   608 | D:1      | Found Sogh's Assorted Antiques.
   639 | D:1      | Bought a lumpy puce potion for 27 gold pieces
   639 | D:1      | Bought a murky orange potion for 27 gold pieces
  1255 | D:2      | Reached XP level 3. HP: 25/40 MP: 3/3
  1957 | D:1      | Bought a lumpy puce potion for 27 gold pieces
  1957 | D:1      | Bought a scroll labelled ZIPAWE QELUMAEPTUG for 30 gold
                  | pieces
  2063 | D:3      | Found a broken altar of Ashenzari.
  2078 | D:3      | Found a basalt altar of Yredelemnul.
  2136 | D:3      | Found a glowing golden altar of the Shining One.
  2160 | D:3      | Got Usekyuke's Anthology of Command and Dislocation
  2468 | D:3      | Reached XP level 4. HP: 46/49 MP: 4/4
  2551 | D:3      | Found an opulent altar of Gozag.
  3125 | D:3      | Reached XP level 5. HP: 45/55 MP: 5/5
  3586 | D:4      | Reached skill level 5 in Fighting
  3898 | D:4      | Noticed a phantom
  3946 | D:4      | Killed a phantom
  3947 | D:4      | Reached XP level 6. HP: 66/66 MP: 6/6
  4393 | D:4      | Noticed pichik's ghost (amateur TeAE)
  4394 | D:4      | Found a runed translucent door.
  4516 | D:4      | Reached skill level 6 in Fighting
  4516 | D:4      | Reached skill level 5 in Axes
  5027 | D:4      | Slain by an ogre

Illustrated notes

Levels and vault maps discovered:
D:1:      minmay_arrival_open_corners, layout_basic,
          shapermc_ecumenical_altar_starsandcircs, serial_shops,
          nicolae_shop_stone, roderic_roman_lattice, minmay_vboxes
D:2:      layout_basic
D:3:      layout_basic, mainiacjoe_overflow_paths,
          nicolae_gozag_cash_rules_everything_around_me, old_standard_altar,
          mainiacjoe_overflow_boulevard, minmay_misc_feat_four_crosses
D:4:      minmay_razor_zed, layout_loops_ring, hellmonk_ghost_happy_afterlife,
          minmay_snake_closets

Skill      XL: |  1  2  3  4  5  6 |
---------------+-------------------+-----
Dodging        | 3 |  3.0
Axes           | 3 4 5 |  5.4
Fighting       | 5 6 |  6.2
Shields        | 4 |  4.0

Action                   |  1- 3 |  4- 6 || total
-------------------------+-------+-------++-------
Melee: War axe           |   117 |   124 ||   241
       Hand axe          |       |    38 ||    38
Invok: Fiery Armour      |       |     2 ||     2
       Foxfire Swarm     |       |     1 ||     1
  Use: Scroll            |     2 |     2 ||     4
 Stab: Sleeping          |       |     1 ||     1
Armor: Robe              |    30 |    38 ||    68
Dodge: Dodged            |    43 |    55 ||    98
Block: Kite shield       |    43 |    49 ||    92
